AoeStats
← tbzachary

Arena

508344349Analyzed
1v1 RM · 12d ago on Sep 22, 2026· 44m 12s· 2 players
Game mode
Random Map
Map size
Tiny (2 player)
Population
200
Speed
Normal
Resources
Standard
Victory
Conquest
Starting age
Dark Age
Ending age
Imperial Age
RankedLock teamsTeams togetherTeam positionsShared explorationLock speedFull tech treeHidden civsTurbo modeCheats
Victory
Defeat
🇺🇸 Magyars · United States
798
+17
🇺🇸 Mongols · United States
810
-17
Morgan Wyrd
10:15 Feudal Age
16:18 Castle Age
16:28 Wheelbarrow
16:04 Double-Bit Axe
16:04 Horse Collar
18:09 Bow Saw
20:01 Wheelbarrow
20:12 Heavy Plow
20:08 Stone Mining
26:43 Thumb Ring
27:09 Corvinian Army
30:06 Scale Barding Armor
32:40 Chain Barding Armor
32:11 Fletching
34:19 Hand Cart
37:18 Imperial Age
34:35 Loom
34:38 Town Watch
36:30 Town Patrol
39:30 Conscription
38:31 Elite Magyar Huszar
39:23 Recurve Bow
39:41 Bodkin Arrow
39:47 Padded Archer Armor
40:23 Plate Barding Armor
41:01 Parthian Tactics
42:54 Gold Mining
42:29 Light Cavalry
43:21 Bloodlines
43:13 Husbandry
tbzachary
4:49 Loom
10:46 Feudal Age
11:50 Double-Bit Axe
17:50 Castle Age
16:32 Stone Mining
17:28 Gold Mining
18:32 Bloodlines
20:17 Padded Archer Armor
20:09 Fletching
21:02 Horse Collar
23:16 Bow Saw
23:53 Heavy Plow
30:42 Gold Shaft Mining
30:27 Leather Archer Armor
30:07 Bodkin Arrow
37:35 Imperial Age
38:23 Elite Mangudai
39:10 Bracer
40:42 Husbandry
40:03 Heavy Camel Rider
41:37 Scale Barding Armor
41:43 Forging
42:49 Siege Engineers
43:06 Ballistics
43:46 Chemistry
Connection lost

Rejoining the realm…

Still unreachable

The connection could not be restored.

Session expired

The server has moved on; the page needs a fresh start.